 Dungeon Crawl Stone Soup version 0.26.0-91-g99b343417d (webtiles) character file.

Game seed: 264393068077073005

129 pokeman the Magician (level 4, 0/25 HPs)
             Began as a Deep Elf Hedge Wizard on Feb 3, 2021.
             Succumbed to a worker ant's poison
             ... on level 4 of the Dungeon.
             The game lasted 00:07:08 (4243 turns).

pokeman the Magician (Deep Elf Hedge Wizard)        Turns: 4243, Time: 00:07:08

Health: 0/25       AC:  3    Str:  7    XL:     4   Next: 88%
Magic:  1/14       EV: 13    Int: 20    God:
Gold:   230        SH:  0    Dex: 14    Spells: 4/15 levels left

rFire    . . .     SeeInvis .   j - +1 dagger (holy)
rCold    . . .     Faith    .   (no shield)
rNeg     . . .     Spirit   .   b - +0 robe
rPois    +         Reflect  .   c - +0 hat
rElec    .         Harm     .   (no cloak)
rCorr    .         Rampage  .   u - +0 pair of gloves
Will     .....                  (no boots)
Stlth    +.........             (no amulet)
HPRegen  0.08/turn              s - ring of attention (curse)
MPRegen  0.14/turn              w - ring of poison resistance

@: lethally poisoned (0 -> -6)
A: no striking features
a: no special abilities


You were on level 4 of the Dungeon.
You visited 1 branch of the dungeon, and saw 4 of its levels.

You collected 230 gold pieces.

Inventory:

Hand Weapons
 j - a +1 dagger of holy wrath (weapon)
Missiles
 m - 50 arrows
Armour
 b - a +0 robe (worn)
 c - a +0 hat (worn)
 u - a +0 pair of gloves (worn)
Jewellery
 s - a cursed ring of attention (left hand)
 w - a ring of poison resistance (right hand)
Scrolls
 a - 3 scrolls of teleportation {unknown}
 e - a scroll of fog {unknown}
 f - 7 scrolls of identify {unknown}
 g - 2 scrolls of amnesia {unknown}
 i - a scroll of fear {unknown}
 k - a scroll of immolation {unknown}
 o - a scroll of enchant weapon {unknown}
 t - a scroll of enchant armour {unknown}
Potions
 d - 2 potions of attraction {unknown}
 h - a potion of invisibility {unknown}
 l - a potion of heal wounds {unknown}
 n - a potion of berserk rage {unknown}
 p - 2 potions of flight {unknown}
 q - a potion of lignification {unknown}
 r - 2 potions of might {unknown}
 v - 2 potions of degeneration {unknown}


   Skills:
 - Level 1.0 Fighting
 - Level 1.0 Armour
 + Level 2.9 Dodging
 - Level 2.4 Stealth
 * Level 6.0 Spellcasting
 + Level 2.4 Conjurations
 - Level 1.1 Summonings
 - Level 1.1 Translocations
 + Level 0.9 Fire Magic


You had 4 spell levels left.
You knew the following spells:

 Your Spells              Type           Power        Failure   Level
a - Magic Dart            Conj           60%          3%          1
b - Mephitic Cloud        Conj/Pois/Air  9%           22%         3
c - Call Imp              Summ           10%          10%         2
d - Blink                 Tloc           N/A          10%         2
e - Conjure Flame         Conj/Fire      12%          16%         3

Your spell library contained the following spells:

 Spells                   Type           Power        Failure   Level
 Slow                     Hex            6%           16%         2


Dungeon Overview and Level Annotations

Branches:
Dungeon (4/15)
 Temple: D:4-7

Altars:
Dithmenos
Makhleb
Trog


Message History

Your white imp misses the worker ant.
The worker ant misses your white imp.
Your white imp hits the worker ant but does no damage.
The worker ant bites your white imp.
Your white imp dies!
Casting: Call Imp (safe; 10% risk of failure)
Confirm with . or Enter, or press ? or * to list all spells.
A beastly little devil appears in a puff of flame.
You feel sick.
You are no longer poisoned.
You barely miss the worker ant.
The worker ant is heavily wounded.
The worker ant bites you.
* * * LOW HITPOINT WARNING * * *
Your crimson imp blinks!
The worker ant bites you.
* * * LOW HITPOINT WARNING * * *
You are lethally poisoned!
The worker ant poisons you!
You die...

#.# ..#
#.# #5#
#######.#
#.....#.#
#.....#.#
#.....B§#
#..<@.###
#.....#
###.###
#.# ..#
####


You could see a worker ant.

Vanquished Creatures
  A worker ant (D:4)
  3 adders
  2 oozes (D:1)
  A worm (D:2)
  3 leopard geckos
  3 bats
  6 giant cockroaches
  4 goblins
  7 hobgoblins
  9 jackals
  A quokka (D:3)
  A ball python (D:3)
  6 frilled lizards
  9 kobolds
  7 rats
63 creatures vanquished.

Vanquished Creatures (others)
  2 plants (D:3)
2 creatures vanquished.

Grand Total: 65 creatures vanquished

Notes
Turn   | Place    | Note
-------+----------+-------------------------------------------
     0 | D:1      | pokeman the Deep Elf Hedge Wizard began the quest for the
                  | Orb.
     0 | D:1      | Reached XP level 1. HP: 10/10 MP: 7/7
   383 | D:1      | Reached XP level 2. HP: 16/16 MP: 4/9
   826 | D:1      | Reached skill level 5 in Spellcasting
   961 | D:1      | Reached XP level 3. HP: 20/20 MP: 8/11
   985 | D:1      | Learned a level 3 spell: Mephitic Cloud
   988 | D:1      | Learned a level 2 spell: Call Imp
   991 | D:1      | Learned a level 2 spell: Blink
   995 | D:1      | Learned a level 3 spell: Conjure Flame
  1570 | D:2      | Found a bloodstained altar of Trog.
  1982 | D:2      | Reached skill level 1 in Armour
  2116 | D:2      | Reached skill level 1 in Fighting
  2527 | D:2      | Found a burning altar of Makhleb.
  2747 | D:2      | Reached XP level 4. HP: 25/25 MP: 9/13
  2775 | D:2      | Found a shadowy altar of Dithmenos.
  4215 | D:4      | Reached skill level 6 in Spellcasting
  4242 | D:4      | HP: 1/25 [worker ant (3)]
  4243 | D:4      | Succumbed to a worker ant's poison

Illustrated notes

Levels and vault maps discovered:
D:1:      minmay_arrival_stair_chambers, layout_basic, minmay_tromino_i2
D:2:      layout_basic, lightli_temple_of_fire, lemuel_coloured_pillars_altar,
          nicolae_overflow_hidden_temple
D:3:      layout_loops_ring, chequers_big_river, minmay_unequal
D:4:      layout_loops_cross, minmay_misc_feat_more_columns

Skill      XL: |  1  2  3  4 |
---------------+-------------+-----
Spellcasting   | 5 6 |  6.0
Armour         | 1 |  1.0
Conjurations   | 2 |  2.4
Fighting       | 1 |  1.0
Dodging        | |  2.9
Stealth        | |  2.4
Summonings     | |  1.1
Translocations | |  1.1
Fire Magic     | |  0.9

Action                   |  1- 3 |  4- 6 || total
-------------------------+-------+-------++-------
Melee: Dagger            |    37 |     8 ||    45
 Cast: Magic Dart        |   108 |    52 ||   160
       Conjure Flame     |     3 |     2 ||     5
       Mephitic Cloud    |     3 |     2 ||     5
       Call Imp          |       |     2 ||     2
 Stab: Confused          |     1 |       ||     1
Armor: Robe              |    11 |     4 ||    15
Dodge: Dodged            |    39 |    15 ||    54
